 Dungeon Sprint DCSS version 0.18-a0-1109-gfc003ac (webtiles) character file.

279970 Kidiri the Unseen (level 12, 32/50 (51) HPs)
             Began as a Spriggan Enchanter on Jan 16, 2016.
             Was the Champion of Dithmenos.
             Escaped with the Orb!
             The game lasted 00:26:58 (4202 turns).

Kidiri the Unseen (Spriggan Enchanter)              Turns: 4202, Time: 00:26:59

HP:   32/50 (51)    AC:  7    Str:  0      XL:     12   Next: 94%
MP:   25/25         EV: 32    Int: 23      God:    Dithmenos [******]
Gold: 2305          SH: 12    Dex: 17 (18) Spells: 5 memorised, 28 levels left

rFire  + . .     SeeInvis +     l - +1 short sword (venom)
rCold  . . .     Gourm    .     s - +3 robe of Folly {Archmagi, MR-- Int+5 *Curse} (curse)
rNeg   + + .     Faith    .     m - +2 buckler {rN+}
rPois  +         Spirit   .     t - +2 hat
rElec  +         Dismiss  .     (no cloak)
rCorr  .         Reflect  +     (gloves unavailable)
SustAt .         Harm     .     (boots unavailable)
MR     +....     NoTele   +     v - +2 amulet of reflection
Stlth  ++++++....               b - ring "Alupn" {+Fly rPois rF+ SInv}
                                u - ring of Shadows {Umbra +Inv rN+ SInv}

@: very slightly contaminated, slowed, lost strength, wreathed by umbra, quick,
somewhat resistant to hostile enchantments, very stealthy
A: unfitting armour, see invisible, clumsy 1, herbivore 3, speed 3, frail 2, low
mp 2, magic resistance 1, electricity resistance, slow metabolism 2, weak 2,
subdued magic 1
a: Shadow Step, Shadow Form, Renounce Religion, Evoke Invisibility, Evoke Flight
0: Orb of Zot


You escaped.
You worshipped Dithmenos.
Dithmenos was exalted by your worship.
You were not hungry.

You visited 1 branch You collected 4854 gold pieces.
You spent 2549 gold pieces at shops.

Inventory:

Hand Weapons
 l - a +1 short sword of venom (weapon)
Armour
 m - a +2 buckler of positive energy (worn)
 s - the cursed +3 robe of Folly (worn) {Archmagi, MR-- Int+5 *Curse}
   (You bought it in a shop in the Dungeon)

   It affects your intelligence (+5).
   It affects your resistance to hostile enchantments.
   It may re-curse itself when equipped.
   It has a curse placed upon it.
 t - a +2 hat (worn)
Jewellery
 b - the ring "Alupn" (right hand) {+Fly rPois rF+ SInv}
   (You bought it in a shop in the Dungeon)

   [ring of flight]

   It protects you from fire.
   It protects you from poison.
   It lets you see invisible.
   It lets you fly.
 u - the ring of Shadows (left hand) {Umbra +Inv rN+ SInv}
   (You bought it in a shop in the Dungeon)

   [ring of positive energy]

   It protects you from negative energy.
   It lets you see invisible.
   It lets you turn invisible.
 v - a +2 amulet of reflection (around neck)
Wands
 c - a wand of lightning (8/15)
 k - a wand of slowing (24/48)
 r - a wand of slowing (25/48)
Scrolls
 p - a scroll of remove curse
Potions
 f - a potion of heal wounds
 g - a potion of haste
 h - 2 potions of magic
 i - a potion of berserk rage
 q - 3 potions of curing
Comestibles
 a - 2 bread rations
 o - 4 fruits


   Skills:
 + Level 7.7 Fighting
 * Level 13.7 Short Blades
 + Level 7.0 Armour
 * Level 17.1 Dodging
 * Level 18.5 Stealth
 + Level 6.8 Shields
 * Level 14.8 Spellcasting
 + Level 6.8 Conjurations
 + Level 11.5 Hexes
 + Level 7.5 Ice Magic
 + Level 8.1 Invocations
 + Level 8.1 Evocations


You had 28 spell levels left.
You knew the following spells:

 Your Spells              Type           Power        Failure   Level  Hunger
a - Corona                Hex            ######.      0%          1    None
b - Ensorcelled Hibernat  Hex/Ice        ######       0%          2    None
c - Confuse               Hex            ######..     0%          3    None
d - Tukima's Dance        Hex            ######..     0%          3    None
e - Dazzling Spray        Conj/Hex       ######..     1%          3    None


Dungeon Overview and Level Annotations

Branches:
Dungeon (1/1)

Altars:
Cheibriados
Dithmenos
Elyvilon
Fedhas
Gozag
Kikubaaqudgha
Makhleb
Nemelex Xobeh
Okawaru
Pakellas
Qazlal
Ru
Sif Muna
Trog
Vehumet
Xom
Yredelemnul
Zin
The Shining One
Jiyva

Shops:
D }**?*!=[=**%?[[}(*[[((

Annotations:
D Norris, Tiamat


Innate Abilities, Weirdness & Mutations

You are tiny and cannot use many weapons and most armour.
You have supernaturally acute eyesight.
You are a herbivore.
You cover ground extremely quickly.
You need consume almost no food.
You are clumsy. (Dex -2)
You are very frail (-20% HP).
Your magical capacity is very low (-20% MP).
You are resistant to hostile enchantments.
You are resistant to electric shocks.
You are very weak. (Str -4)
Your spells are a little easier to cast, but a little less powerful.


Message History

The quasit misses you. The quasit completely misses you.
There is an open door here.
An arrow misses the neqoxec!
There is an open door here.
There is an open door here.
You see here a giant spiked club.
You block the quasit's attack. The quasit completely misses you.
The quasit closely misses you.
There is an open door here.
A rust devil comes into view.
There is an open door here.
There is a staircase leading out of the dungeon here.
Magic restored.
You block the quasit's attack. The quasit completely misses you.
The quasit claws you but does no damage.
You block the rust devil's attack. The quasit completely misses you.
The quasit claws you.
You feel clumsy. You block the quasit's attack.
You block the rust devil's attack.
You have escaped!

##################
#@5#..').#.['..#__
#4.'.3#..'.3#..'3.
#..#####+#####+#__
#..####..#...#(###
#..#__####..##.#≈§
#.)#_.___##+#..+§§
#⌠⌠#_.∩..%+..._#≈§
####_..._##_.#+##+
*,,#_____###+#(#..


You could see a rust devil, a neqoxec and a quasit.

Vanquished Creatures
  A golden dragon (D)
  A shadow dragon (D)
  4 fire giants (D)
  A lorocyproca (D)
  A hydra (D)
  2 centaur warriors (D)
  Sonja (D)
  A deep troll (D)
  7 unseen horrors (D)
  A lindwurm (D)
  8 shining eyes (D)
  An oklob plant (D)
  A gargoyle (D)
  4 demonic crawlers (D)
  2 kobold demonologists (D)
  A slime creature (D)
  Sigmund (D)
  2 redbacks (D)
  A yak (D)
  13 hogs (D)
  A wasp (D)
  7 necrophages (D)
  An ogre (D)
  8 jellies (D)
  Ijyb (D)
  7 giant eyeballs (D)
  A ballistomycete (D)
80 creatures vanquished.

Vanquished Creatures (others)
  An Orb Guardian (D)
  A gargoyle (D)
  2 giant spores (D)
4 creatures vanquished.

Grand Total: 84 creatures vanquished

Notes
Turn   | Place    | Note
--------------------------------------------------------------
     0 | D        | Kidiri the Spriggan Enchanter began the quest for the Orb.
     0 | D        | Reached XP level 1. HP: 9/9 MP: 5/5
     4 | D        | Noticed Ijyb
    35 | D        | Killed Ijyb
    35 | D        | Reached skill level 1 in Fighting
    35 | D        | Reached skill level 1 in Armour
    35 | D        | Reached skill level 5 in Stealth
    35 | D        | Reached XP level 2. HP: 1/14 MP: 4/7
   341 | D        | Learned a level 2 spell: Ensorcelled Hibernation
   351 | D        | Noticed an ogre
   358 | D        | Killed an ogre
   358 | D        | Reached skill level 6 in Dodging
   358 | D        | Reached skill level 7 in Stealth
   358 | D        | Reached skill level 5 in Spellcasting
   358 | D        | Reached skill level 5 in Hexes
   358 | D        | Reached skill level 1 in Ice Magic
   358 | D        | Reached XP level 3. HP: 16/18 MP: 1/10
   358 | D        | Reached XP level 4. HP: 20/23 MP: 1/12
   377 | D        | Learned a level 3 spell: Confuse
   381 | D        | Learned a level 3 spell: Tukima's Dance
   385 | D        | Learned a level 3 spell: Dazzling Spray
   445 | D        | Noticed Sigmund
   447 | D        | Killed Sigmund
   447 | D        | Reached skill level 5 in Short Blades
   447 | D        | Reached skill level 8 in Stealth
   447 | D        | Reached skill level 1 in Conjurations
   447 | D        | Reached XP level 5. HP: 27/27 MP: 12/14
   458 | D        | Found a snail-covered altar of Cheibriados.
   458 | D        | Found a viscous altar of Jiyva.
   458 | D        | Found a shadowy altar of Dithmenos.
   458 | D        | Found a blossoming altar of Fedhas.
   458 | D        | Noticed a slime creature
   463 | D        | Killed a slime creature
   463 | D        | Reached skill level 9 in Stealth
   463 | D        | Reached XP level 6. HP: 30/32 MP: 12/17
   494 | D        | Became a worshipper of Dithmenos the Shadowed
   502 | D        | Found a deep blue altar of Sif Muna.
   504 | D        | Found a radiant altar of Vehumet.
   508 | D        | Reached skill level 10 in Stealth
   541 | D        | Found Hein's Magic Scroll Emporium.
   541 | D        | Found a white marble altar of Elyvilon.
   541 | D        | Found a stormy altar of Qazlal.
   541 | D        | Found a burning altar of Makhleb.
   541 | D        | Found a sacrificial altar of Ru.
   541 | D        | Found an oddly glowing altar of Pakellas.
   541 | D        | Found a basalt altar of Yredelemnul.
   541 | D        | Found a glowing golden altar of the Shining One.
   541 | D        | Found a sparkling altar of Nemelex Xobeh.
   541 | D        | Found a shimmering altar of Xom.
   541 | D        | Found an opulent altar of Gozag.
   541 | D        | Found an ancient bone altar of Kikubaaqudgha.
   541 | D        | Found a glowing silver altar of Zin.
   541 | D        | Noticed a yak
   542 | D        | Found an iron altar of Okawaru.
   543 | D        | Killed a yak
   543 | D        | Reached skill level 1 in Invocations
   543 | D        | Reached XP level 7. HP: 36/36 MP: 19/19
   544 | D        | Found a bloodstained altar of Trog.
   557 | D        | Noticed Sonja
   561 | D        | Killed Sonja
   561 | D        | Reached * piety under Dithmenos
   561 | D        | Reached skill level 10 in Dodging
   561 | D        | Reached skill level 11 in Stealth
   561 | D        | Reached XP level 8. HP: 40/42 MP: 19/21
   578 | D        | Found Upnuiken's Gadget Boutique.
   601 | D        | Noticed a deep troll
   620 | D        | Killed a deep troll
   620 | D        | Reached skill level 12 in Stealth
   638 | D        | Found Nibb's Armour Emporium.
   643 | D        | Bought a +2 buckler of positive energy for 222 gold pieces
   705 | D        | Noticed a centaur warrior
   705 | D        | Noticed a centaur warrior
   707 | D        | Killed a centaur warrior
   707 | D        | Reached skill level 13 in Stealth
   707 | D        | Reached skill level 1 in Shields
   707 | D        | Reached skill level 10 in Spellcasting
   707 | D        | Reached XP level 9. HP: 46/46 MP: 22/24
   709 | D        | Killed a centaur warrior
   709 | D        | Reached ** piety under Dithmenos
   709 | D        | Reached skill level 5 in Fighting
   837 | D        | Noticed an oklob plant
   839 | D        | Killed an oklob plant
   918 | D        | Noticed an unseen horror
   919 | D        | Noticed an unseen horror
   925 | D        | Killed an unseen horror
   925 | D        | Reached skill level 10 in Short Blades
   925 | D        | Reached skill level 14 in Stealth
   925 | D        | Reached skill level 5 in Ice Magic
   925 | D        | Reached XP level 10. HP: 51/51 MP: 24/26
   929 | D        | Killed an unseen horror
   929 | D        | Reached *** piety under Dithmenos
   929 | D        | Reached skill level 5 in Armour
   929 | D        | Reached skill level 5 in Invocations
   960 | D        | Reached **** piety under Dithmenos
  1033 | D        | Reached ***** piety under Dithmenos
  1139 | D        | Found Enecusoe's Armour Shoppe.
  1139 | D        | Found Hetiod's Jewellery Shop.
  1139 | D        | Found Erae's Jewellery Boutique.
  1141 | D        | Found Masygg's General Store.
  1141 | D        | Found Soushrass's Assorted Antiques.
  1141 | D        | Found Kazalup's Food Shoppe.
  1141 | D        | Found Mubifokk's Magic Scroll Boutique.
  1141 | D        | Found Huicwimu's Antique Armour Emporium.
  1141 | D        | Found Ulustopi's Armour Shop.
  1141 | D        | Found Yryllimu's Gadget Shoppe.
  1145 | D        | Found Weuzere's Weapon Boutique.
  1146 | D        | Found Viuthren's Antique Armour Emporium.
  1146 | D        | Found Jinnet's Assorted Antiques.
  1147 | D        | Found Efopott's Antique Weapon Emporium.
  1168 | D        | Bought the cursed +3 robe of Folly {Archmagi, MR-- Int+5 *Curse} for 663 gold pieces
  1191 | D        | Bought a glowing hat for 96 gold pieces
  1207 | D        | Bought the ring of Shadows {Umbra +Inv rN+ SInv} for 458 gold pieces
  1207 | D        | Bought a +2 amulet of reflection for 300 gold pieces
  1529 | D        | Noticed a shining eye
  1529 | D        | Noticed a shining eye
  1529 | D        | Noticed a shining eye
  1530 | D        | Noticed a shining eye
  1530 | D        | Noticed a shining eye
  1530 | D        | Noticed a shining eye
  1530 | D        | Noticed a shining eye
  1531 | D        | Killed a shining eye
  1531 | D        | Reached skill level 1 in Evocations
  1532 | D        | Noticed a shining eye
  1536 | D        | Killed a shining eye
  1538 | D        | Gained mutation: You are resistant to electric shocks. [a shining eye]
  1540 | D        | Killed a shining eye
  1543 | D        | Killed a shining eye
  1543 | D        | Reached ****** piety under Dithmenos
  1543 | D        | Reached skill level 15 in Stealth
  1543 | D        | Paralysed by a giant eyeball for 2 turns
  1545 | D        | Gained mutation: You are frail (-10% HP). [a shining eye]
  1546 | D        | Gained mutation: You are weak. (Str -2) [a shining eye]
  1549 | D        | Killed a shining eye
  1550 | D        | Killed a shining eye
  1550 | D        | Reached skill level 5 in Shields
  1550 | D        | Reached skill level 5 in Conjurations
  1550 | D        | Reached XP level 11. HP: 49/49 MP: 8/28
  1552 | D        | Killed a shining eye
  1554 | D        | Killed a shining eye
  1556 | D        | Found Cyptu's General Store.
  1556 | D        | Found Zaciamonn's Distillery.
  1556 | D        | Found Fuzygof's Assorted Antiques.
  1557 | D        | Found Aptir's General Store.
  2118 | D        | Noticed a lindwurm
  2121 | D        | Killed a lindwurm
  2121 | D        | Reached skill level 16 in Stealth
  2121 | D        | Reached skill level 10 in Hexes
  2210 | D        | Reached skill level 15 in Dodging
  2235 | D        | Reached skill level 5 in Evocations
  2237 | D        | Noticed a 12-headed hydra
  2239 | D        | Killed a 12-headed hydra
  2663 | D        | Noticed Norris
  2663 | D        | Noticed a lorocyproca
  2684 | D        | Killed a lorocyproca
  3228 | D        | Bought the ring "Alupn" {+Fly rPois rF+ SInv} for 558 gold pieces
  3307 | D        | Noticed a daeva
  3310 | D        | Noticed an unseen horror
  3310 | D        | Noticed an unseen horror
  3310 | D        | Noticed an unseen horror
  3311 | D        | Noticed an unseen horror
  3313 | D        | Killed an unseen horror
  3314 | D        | Noticed an unseen horror
  3315 | D        | Killed an unseen horror
  3316 | D        | Killed an unseen horror
  3316 | D        | Reached skill level 17 in Stealth
  3316 | D        | Reached XP level 12. HP: 54/54 MP: 30/30
  3329 | D        | Noticed a fire giant
  3330 | D        | Noticed a fire giant
  3330 | D        | Noticed a fire giant
  3330 | D        | Noticed a fire giant
  3331 | D        | Killed a fire giant
  3333 | D        | Killed a fire giant
  3335 | D        | Killed a fire giant
  3337 | D        | Killed a fire giant
  3359 | D        | Noticed Tiamat
  3750 | D        | Noticed a shadow dragon
  3750 | D        | Noticed a golden dragon
  3753 | D        | Killed a golden dragon
  3753 | D        | Reached skill level 18 in Stealth
  3754 | D        | Killed a shadow dragon
  3821 | D        | Found Ewnekeff's Antique Weapon Shoppe.
  3952 | D        | Bought a scroll of blinking for 90 gold pieces
  3955 | D        | Bought 3 scrolls of identify for 72 gold pieces
  3955 | D        | Bought a scroll of enchant weapon for 90 gold pieces
  3970 | D        | Gained mutation: You are resistant to hostile enchantments. [potion of mutation]
  3970 | D        | Gained mutation: Your spells are a little easier to cast, but a little less powerful. [potion of mutation]
  3970 | D        | Gained mutation: Your magical capacity is low (-10% MP). [potion of mutation]
  4108 | D        | Got the Orb of Zot
  4159 | D        | Killed an Orb Guardian
  4166 | D        | Gained mutation: You are clumsy. (Dex -2) [a neqoxec]
  4171 | D        | Lost strength.
  4171 | D        | Gained mutation: You are very weak. (Str -4) [a neqoxec]
  4172 | D        | Gained mutation: You are very frail (-20% HP). [a neqoxec]
  4179 | D        | Gained mutation: Your magical capacity is very low (-20% MP). [a neqoxec]
  4202 | D        | Escaped with the Orb!

Vault maps used:
D:        dungeon_sprint_1

Action                   |  1- 3 |  4- 6 |  7- 9 | 10-12 || total
-------------------------+-------+-------+-------+-------++-------
Melee: Dagger            |    22 |     4 |     1 |       ||    27
       Short sword       |       |       |    12 |   148 ||   160
 Fire: Shortbow          |       |       |       |     4 ||     4
 Cast: Corona            |     3 |       |     1 |       ||     4
       Ensorcelled Hiber |     2 |     1 |     5 |     9 ||    17
       Dazzling Spray    |       |       |     1 |    19 ||    20
       Confuse           |       |       |       |    12 ||    12
Invok: Shadow Step       |       |       |       |     8 ||     8
 Abil: Evoke Invisibilit |       |       |       |     2 ||     2
  Use: Potion            |     1 |       |       |     1 ||     2
       Scroll            |       |       |       |    12 ||    12
 Stab: Sleeping          |     3 |     4 |     9 |    46 ||    62
       Confused          |       |       |       |     8 ||     8
       Invisible         |       |       |       |     4 ||     4
  Eat: Bread ration      |       |       |       |     1 ||     1
